 Dungeon Crawl Stone Soup version 0.21-a0-331-gfb491b4 (webtiles) character file.

173 vishdafish the Poker (level 5, 0/41 HPs)
             Began as a Demonspawn Skald on Oct 2, 2017.
             Slain by Crelarid's ghost (11 damage)
             ... on level 4 of the Dungeon.
             The game lasted 00:07:57 (3154 turns).

vishdafish the Poker (Demonspawn Skald)             Turns: 3154, Time: 00:07:58

Health: 0/41       AC:  4    Str: 16    XL:     5   Next: 28%
Magic:  8/8        EV: 12    Int: 15    God:
Gold:   128        SH:  0    Dex: 13    Spells: 8/9 levels left

rFire    + . .     SeeInvis .   v - +0 trident
rCold    . . .     Gourm    .   (no shield)
rNeg     + . .     Faith    .   b - +0 leather armour
rPois    .         Spirit   .   x - +0 helmet
rElec    .         Reflect  .   (no cloak)
rCorr    .         Harm     .   (no gloves)
MR       .....                  (no boots)
Stlth    +.........             k - amulet of rage
HPRegen  0.13/turn              e - ring of positive energy
MPRegen  0.11/turn              n - ring of wizardry

@: mighty
A: claws 1, fire resistance 1, sturdy frame 1
a: Evoke Berserk Rage


You were on level 4 of the Dungeon.
You were not hungry.

You visited 1 branch of the dungeon, and saw 4 of its levels.

You collected 128 gold pieces.

Inventory:

Hand Weapons
 a - a +0 spear
 v - a +0 trident (weapon)
Armour
 b - a +0 leather armour (worn)
 x - a +0 helmet (worn)
Jewellery
 e - a ring of positive energy (left claw)
 k - an amulet of rage (around neck)
 n - a ring of wizardry (right claw)
Wands
 t - a wand of random effects (29/48)
Scrolls
 f - 2 scrolls of recharging {unknown}
 h - 2 scrolls of identify {unknown}
 i - a scroll of teleportation {unknown}
 j - a scroll of amnesia {unknown}
 o - 4 scrolls of remove curse {unknown}
 p - a scroll of random uselessness {unknown}
 r - a scroll of enchant armour {unknown}
Potions
 g - a potion of magic {unknown}
 l - a potion of lignification
 s - a potion of degeneration {unknown}
 w - a potion of berserk rage {unknown}
 z - a potion of agility {unknown}
Books
 c - a book of Battle

   Spells                             Type                      Level
   a - Infusion                       Charms                       1
   b - Shroud of Golubria             Charms/Translocation         2
   c - Song of Slaying                Charms                       2
   d - Spectral Weapon                Hexes/Charms                 3
   e - Regeneration                   Charms/Necromancy            3
 u - a book of Cantrips

   Spells                             Type                      Level
   a - Confusing Touch                Hexes                        1
   b - Animate Skeleton               Necromancy                   1
   c - Summon Small Mammal            Summoning                    1
   d - Apportation                    Translocation                1
Comestibles
 d - 2 bread rations
 q - a meat ration


   Skills:
 - Level 3.0 Fighting
 + Level 3.8 Polearms
 - Level 1.0 Armour
 - Level 2.0 Dodging
 + Level 2.5 Spellcasting
 - Level 3.1 Charms


You had 8 spell levels left.
You knew the following spells:

 Your Spells              Type           Power        Failure   Level  Hunger
a - Infusion              Chrm           ##..         2%          1    #......


Dungeon Overview and Level Annotations

Branches:
Dungeon (4/15)
 Temple: D:4-7

Altars:
Fedhas

Annotations:
D:4 Crelarid's ghost, amateur GnSk


Innate Abilities, Weirdness & Mutations

You have sharp fingernails.
Your flesh is heat resistant. (rF+)
Your movements are slightly less encumbered by armour. (ER -2)


Message History

You hit Crelarid's ghost but do no damage.
Crelarid's ghost is moderately damaged.
Crelarid's ghost barely misses you.
You puncture Crelarid's ghost!
Crelarid's ghost is heavily damaged.
Crelarid's ghost hits you.
You barely miss Crelarid's ghost.
Crelarid's ghost is heavily damaged.
Crelarid's ghost misses you.
You closely miss Crelarid's ghost.
Crelarid's ghost is heavily damaged.
Crelarid's ghost hits you.
* * * LOW HITPOINT WARNING * * *
You miss Crelarid's ghost.
Crelarid's ghost is heavily damaged.
Crelarid's ghost misses you.
You puncture Crelarid's ghost!
Crelarid's ghost is severely damaged.
Crelarid's ghost hits you!
You die...

##### #####
#)@W# ....#
#.).# ....#
#...#
....##
#...#
.....##
#...#
##.#..##
#...#######
...##W.#
#.........#
...###.#
#...#####.#
...# #.#
#...#


You could see Crelarid's ghost.

Vanquished Creatures
  Jessica (D:2)
  An orc wizard (D:4)
  Robin (D:3)
  5 adders
  An ooze (D:3)
  A worm (D:2)
  3 dart slugs (D:1)
  7 orcs
  A ball python (D:2)
  A giant cockroach (D:1)
  8 goblins
  5 hobgoblins
  2 jackals (D:3)
  4 kobolds
  6 bats
  2 frilled lizards (D:2)
  2 rats
51 creatures vanquished.

Notes
Turn   | Place    | Note
-------+----------+-------------------------------------------
     0 | D:1      | vishdafish the Demonspawn Skald began the quest for the Orb.
     0 | D:1      | Reached XP level 1. HP: 16/16 MP: 3/3
   266 | D:1      | Reached skill level 1 in Armour
   266 | D:1      | Gained mutation: You have sharp fingernails. [demonic ancestry]
   266 | D:1      | Reached XP level 2. HP: 20/22 MP: 5/5
   787 | D:2      | Gained mutation: Your flesh is heat resistant. (rF+) [demonic ancestry]
   787 | D:2      | Reached XP level 3. HP: 23/27 MP: 3/6
  1158 | D:2      | Noticed Jessica
  1164 | D:2      | Killed Jessica
  1164 | D:2      | Reached XP level 4. HP: 27/33 MP: 3/7
  1257 | D:2      | Found a blossoming altar of Fedhas.
  1916 | D:3      | Noticed Robin
  2231 | D:4      | Gained mutation: Your movements are slightly less encumbered by armour. (ER -2) [demonic ancestry]
  2231 | D:4      | Reached XP level 5. HP: 28/41 MP: 4/8
  2340 | D:3      | Killed Robin
  2983 | D:4      | Noticed Crelarid's ghost (amateur GnSk)
  3154 | D:4      | Slain by Crelarid's ghost

Vault maps used:
D:1:      roderic_crossed_star, minmay_misc_feat_encased
D:2:      lemuel_round_altar, uniq_jessica
D:3:      first_bread, uniq_robin
D:4:      serial_shops, kennysheep_little_box

Skill      XL: |  1  2  3  4 |
---------------+-------------+-----
Polearms       | 2 3 |  3.8
Armour         | 1 |  1.0
Dodging        | 2 |  2.0
Charms         | 3 |  3.1
Fighting       | 3 |  3.0
Spellcasting   | |  2.5

Action                   |  1- 3 |  4- 6 || total
-------------------------+-------+-------++-------
Melee: Spear             |    79 |   105 ||   184
       Trident           |       |    32 ||    32
 Cast: Infusion          |    10 |    12 ||    22
Evoke: Wand              |       |     2 ||     2
  Use: Potion            |     1 |     6 ||     7
 Stab: Sleeping          |     1 |     2 ||     3
  Eat: Chunk             |       |     3 ||     3
       Bread ration      |       |     1 ||     1
Armor: Leather armour    |    14 |    14 ||    28
       Skin              |       |     7 ||     7
Dodge: Dodged            |    36 |    74 ||   110

Table legend:
 A = Spawn XP
 B = Non-spawn XP
 C = Spawn XP percentage of total XP
 D = Spawn monster count
 E = Non-spawn monster count
 F = Spawn count percentage of total count
 G = Total turns spent on level
                    A         B        C        D         E        F      G
               +---------+---------+-------+---------+---------+-------+---------
         Total |       0 |     248 |   0.0 |       0 |      51 |   0.0 |  3154
               +---------+---------+-------+---------+---------+-------+---------
           D:1 |       0 |      22 |   0.0 |       0 |      10 |   0.0 |   594
           D:2 |       0 |      81 |   0.0 |       0 |      12 |   0.0 |   723
           D:3 |       0 |      84 |   0.0 |       0 |      21 |   0.0 |   970
           D:4 |       0 |      61 |   0.0 |       0 |       8 |   0.0 |   867
               +---------+---------+-------+---------+---------+-------+---------
